AoeStats
← 859

African Clearing

510522317Analyzed
3v3 RM · 1d ago on Oct 1, 2026· 50m 6s· 6 players
Game mode
Random Map
Map size
Normal (6 player)
Population
200
Speed
Normal
Resources
Standard
Victory
Conquest
Starting age
Dark Age
Ending age
Imperial Age
RankedLock teamsTeams togetherTeam positionsShared explorationLock speedFull tech treeHidden civsTurbo modeCheats
Victory
Defeat
🇨🇳 Mongols · China
1469
+10
🇨🇳 Franks · China
1271
+18
🇨🇳 Khitans · China
1237
+19
🇨🇴 Turks · Colombia
1355
-17
🇪🇸 Ethiopians · Spain
1325
-16
1288
-14
juanmelgarejo92
3:49 Loom
12:56 Feudal Age
16:33 Forging
22:34 Bloodlines
28:13 Castle Age
27:39 Horse Collar
29:12 Husbandry
30:19 Scale Barding Armor
32:05 Chain Barding Armor
33:56 Double-Bit Axe
37:22 Sipahi
36:55 Fletching
37:05 Padded Archer Armor
37:39 Town Watch
39:02 Bow Saw
39:39 Bodkin Arrow
41:02 Thumb Ring
41:47 Ballistics
42:26 Leather Archer Armor
46:24 Imperial Age
45:29 Gold Mining
46:11 Heavy Plow
47:12 Bracer
48:09 Ring Archer Armor
48:59 Parthian Tactics
boom n type gg noob team
15:53 Feudal Age
16:21 Double-Bit Axe
16:25 Loom
16:55 Horse Collar
23:38 Castle Age
22:50 Forging
24:33 Bow Saw
24:25 Heavy Plow
26:00 Pikeman
29:07 Wheelbarrow
28:51 Scale Mail Armor
30:18 Iron Casting
30:21 Hand Cart
31:28 Gold Mining
34:41 Gold Shaft Mining
35:22 Chain Mail Armor
38:53 Imperial Age
36:42 Masonry
36:28 Murder Holes
38:05 Fletching
38:37 Ballistics
39:25 Bodkin Arrow
40:16 Plate Mail Armor
40:47 Blast Furnace
39:44 Halberdier
40:02 Heavy Scorpion
42:59 Furor Celtica
43:10 Conscription
42:58 Siege Engineers
MPW_SCRaTCH
11:42 Feudal Age
12:25 Town Watch
13:35 Loom
16:13 Castle Age
30:23 Horse Collar
32:35 Fletching
32:40 Double-Bit Axe
33:38 Scale Mail Armor
35:41 Forging
37:14 Ballistics
37:08 Bodkin Arrow
43:27 Padded Archer Armor
43:40 Bow Saw
44:16 Wheelbarrow
47:05 Imperial Age
44:04 Crossbowman
45:04 Heavy Plow
45:00 Gold Mining
45:57 Leather Archer Armor
46:00 Thumb Ring
No
13:00 Feudal Age
17:22 Castle Age
15:17 Fletching
15:27 Padded Archer Armor
15:31 Double-Bit Axe
15:54 Horse Collar
19:36 Bow Saw
26:19 Stone Mining
26:19 Gold Mining
26:29 Gold Mining
28:49 Heavy Plow
33:32 Imperial Age
31:25 Leather Archer Armor
31:33 Ballistics
31:14 Bodkin Arrow
33:10 Stone Shaft Mining
33:11 Gold Shaft Mining
33:14 Wheelbarrow
33:06 Husbandry
33:16 Bloodlines
35:10 Conscription
34:48 Elite Mangudai
35:45 Bracer
36:47 Chemistry
35:33 Elite Mangudai
42:39 Drill
44:51 Capped Ram
46:16 Siege Ram
859
3:25 Loom
15:10 Feudal Age
19:10 Castle Age
17:18 Double-Bit Axe
20:15 Scale Barding Armor
21:09 Wheelbarrow
20:56 Husbandry
21:21 Chain Barding Armor
34:39 Bow Saw
46:22 Imperial Age
48:00 Hand Cart
48:09 Conscription
47:12 Cavalier
49:46 Paladin
50:48 Forging
860
8:34 Loom
10:47 Feudal Age
13:24 Double-Bit Axe
15:44 Forging
15:44 Town Watch
17:47 Domestication
18:16 Scale Barding Armor
26:25 Castle Age
26:32 Light Cavalry
27:12 Husbandry
28:08 Chain Barding Armor
28:24 Iron Casting
32:35 Fletching
34:11 Bodkin Arrow
34:59 Wheelbarrow
35:21 Bow Saw
39:35 Hand Cart
41:53 Imperial Age
42:57 Conscription
43:48 Plate Barding Armor
46:37 Bracer
47:59 Ordo Cavalry
48:03 Gold Mining
48:04 Stone Mining
48:11 Elite Steppe Lancer
51:05 Stone Shaft Mining
Connection lost

Rejoining the realm…

Still unreachable

The connection could not be restored.

Session expired

The server has moved on; the page needs a fresh start.